 Dungeon Crawl Stone Soup version bcrawl-1.23 (webtiles) character file.

Game seed: 7771115810939349869

266 Morbidden the Ducker (level 6, -7/50 HPs)
             Began as a Draconian Archaeologist on May 27, 2020.
             Mangled by a wight
             ... wielding a cursed +0 spear
              (8 damage)
             ... on level 4 of the Dungeon.
             The game lasted 00:07:09 (5356 turns).

Morbidden the Ducker (Draconian Archaeologist)      Turns: 5356, Time: 00:07:09

Health: -7/50      AC:  9    Str: 15    XL:     6   Next: 0%
Magic:  6/6        EV: 12    Int: 14    God:
Gold:   186        SH:  0    Dex: 10    Spells: 5/5 levels left

rFire    . . .     SeeInvis .     - Unarmed
rCold    . . .     Gourm    .   (no shield)
rNeg     . . .     Faith    .   (armour unavailable)
rPois    .         Spirit   .   b - +1 hat
rElec    .         Reflect  .   (no cloak)
rCorr    .         Harm     .   (no gloves)
MR       .....                  c - +1 pair of boots
Stlth    ++........             (no amulet)
HPRegen  0.16/turn              s - ring of flight
MPRegen  0.10/turn              (no ring)

@: studying Stealth, drained
A: unfitting armour, cold-blooded, AC +6
a: Evoke Flight


You were on level 4 of the Dungeon.
You were not hungry.

You visited 1 branch of the dungeon, and saw 4 of its levels.

You collected 186 gold pieces.

Inventory:

Hand Weapons
 p - a +0 club
Armour
 b - a +1 hat (worn)
 c - a +1 pair of boots (worn)
Jewellery
 s - a ring of flight (left hand)
Scrolls
 a - a scroll of teleportation {unknown}
 g - a scroll of remove curse
 i - a scroll of enchant weapon {unknown}
 m - a scroll of blinking {unknown}
 n - a scroll of fear {unknown}
 o - a scroll of enchant armour {unknown}
Potions
 j - a potion of heal wounds {unknown}
 k - a potion of curing {unknown}
 l - a potion of ambrosia {unknown}
 r - a potion of flight {unknown}
Books
 f - a manual of Stealth
Comestibles
 e - 8 rations {!d}


   Skills:
 * Level 2.8(1.9) Fighting
 + Level 1.0(0.1) Maces & Flails
 + Level 3.9(3.0) Dodging
 + Level 3.8(2.8) Stealth
 * Level 3.6(2.7) Unarmed Combat


You had 5 spell levels left.
You didn't know any spells.
Your spell library was empty.

Dungeon Overview and Level Annotations

Branches:
Dungeon (4/12)             Temple (0/1) D:4

Altars:
Ru


Innate Abilities, Weirdness & Mutations

Your plain brown scales are hard. (AC +6)
You cannot fit into any form of body armour.
You are cold-blooded and may be slowed by cold attacks.


Message History

Your +1 pair of boots unmelds from your body.
The wight hits you from afar with a cursed +0 spear.
* * * LOW HITPOINT WARNING * * *
You feel drained.
* * * LOW HITPOINT WARNING * * *
The wight hits you but does no damage. The wight hits you but does no damage.
The wight hits you from afar with a cursed +0 spear!
* * * LOW HITPOINT WARNING * * *
The wight hits you from afar with a cursed +0 spear.
* * * LOW HITPOINT WARNING * * *
The wight barely misses you. The wight hits you but does no damage.
The wight hits you but does no damage. The wight hits you but does no damage.
The wight hits you from afar with a cursed +0 spear.
* * * LOW HITPOINT WARNING * * *
The wight closely misses you.
The wight hits you from afar with a cursed +0 spear!
You die...

.##.# *,,,**********,,,,,* .**,#
*,,,* *,***,* .,,,* *,,,* *,* *,*
,*********,** *,***,*
,***,,,**,,* #####,,,,,**
,,,,,,,**,***** #...,,,*,,,*****
**,,,,,,,,,,,,*###.###*,*,*,,,,,,
**,,,,,,#.##.##..z..#*,#,,,*****
*,,,,,**#.....@#.#.##.#****
*,,,,,* ##..####......#
*,,,,,**#.#,* ####.####
*,,,,,,*.**,* #(......#
###,,,,,,,,,,,###(##.##.#
.<#*,**,,,,,,,#......#*,#
.##,,,*,,,,,,,#.#.####*,*
.##,,,*,,,,,,,#.#.#****,*
..#8_8*,,,,,,,#.#..,,,,,*


You could see a wight.

Vanquished Creatures
  An ogre (D:3)
  An orc wizard (D:3)
  6 adders
  3 worms
  A dart slug (D:2)
  4 leopard geckos
  5 orcs (D:3)
  2 ball pythons
  2 giant cockroaches (D:1)
  11 goblins
  14 hobgoblins
  9 kobolds
  2 quokkas
  4 bats
  5 frilled lizards
  10 rats
80 creatures vanquished.

Notes
Turn   | Place    | Note
-------+----------+-------------------------------------------
     0 | D:1      | Morbidden the Draconian Archaeologist began the quest for
                  | the Orb.
     0 | D:1      | Reached XP level 1. HP: 16/16 MP: 1/1
   514 | D:1      | Reached XP level 2. HP: 13/23 MP: 2/2
  1356 | D:1      | Reached skill level 1 in Unarmed Combat
  1368 | D:1      | Reached XP level 3. HP: 23/29 MP: 3/3
  1800 | D:2      | Found a sacrificial altar of Ru.
  3134 | D:3      | Reached XP level 4. HP: 36/36 MP: 4/4
  4206 | D:3      | Reached XP level 5. HP: 8/41 MP: 5/5
  4206 | D:3      | Identified a scroll of acquirement
  4578 | D:3      | Noticed an ogre
  4609 | D:3      | Killed an ogre
  5315 | D:4      | Reached XP level 6. HP: 35/50 MP: 6/6
  5354 | D:4      | HP: 1/50 [wight/cursed +0 spear (5)]
  5356 | D:4      | Mangled by a wight

Skill      XL: |  1  2  3  4  5 |
---------------+----------------+-----
Dodging        | 3 |  3.9
Unarmed Combat | 1 2 3 |  3.6
Fighting       | 2 |  2.8
Maces & Flails | |  1.0
Stealth        | |  3.8

Action                   |  1- 3 |  4- 6 || total
-------------------------+-------+-------++-------
Melee: Unarmed           |   352 |   225 ||   577
       Tailslap          |    31 |    22 ||    53
       Punch             |       |     4 ||     4
  Use: Scroll            |     1 |     2 ||     3
       Potion            |       |     1 ||     1
 Stab: Sleeping          |     4 |     4 ||     8
  Eat: Chunk             |     5 |     6 ||    11
       Ration            |     1 |       ||     1
Armor: Skin              |   100 |    78 ||   178
Dodge: Dodged            |   246 |   166 ||   412
